 Dungeon Crawl Stone Soup version 0.24-a0-117-g53b51606c3 (webtiles) character file.

Game seed: 13668614878238263051

5160 Morbidden the Grappler (level 10, -1/51 HPs)
             Began as a Vine Stalker Fighter on Feb 18, 2019.
             Was a Believer of Yredelemnul.
             Killed from afar by an electric eel (8 damage)
             ... with a bolt of electricity
             ... on level 9 of the Dungeon.
             The game lasted 00:23:55 (9159 turns).

Morbidden the Grappler (Vine Stalker Fighter)       Turns: 9159, Time: 00:23:55

Health: -1/51      AC:  9    Str: 21    XL:     10   Next: 59%
Magic:  0/19       EV:  6    Int:  9    God:    Yredelemnul [**....]
Gold:   417        SH: 11    Dex: 14    Spells: 16/19 levels left

rFire    . . .     SeeInvis .     - Unarmed
rCold    . . .     Gourm    .   b - +1 shield
rNeg     . . .     Faith    +   c - +0 chain mail
rPois    .         Spirit   +   (no helmet)
rElec    .         Reflect  .   (no cloak)
rCorr    .         Harm     .   (no gloves)
MR       +....                  (no boots)
Stlth    ..........             k - amulet of faith
HPRegen  0.57/turn              n - +1 ring of slaying
MPRegen  0.16/turn              u - ring of stealth

@: no status effects
A: fangs 3, regeneration 1, magic shield, antimagic bite, no potion heal 3, rot
immunity
a: Animate Remains, Recall Undead Slaves, Injury Mirror, Renounce Religion


You were on level 9 of the Dungeon.
You worshipped Yredelemnul.
Yredelemnul was pleased with you.
You were not hungry.

You visited 2 branches of the dungeon, and saw 10 of its levels.

You collected 508 gold pieces.
You spent 91 gold pieces at shops.

Inventory:

Missiles
 h - 4 tomahawks of returning (quivered)
Armour
 b - a +1 shield (worn)
 c - a +0 chain mail (worn)
 t - a +2 leather armour of cold resistance
Jewellery
 k - an amulet of faith (around neck)
 n - a +1 ring of slaying (left hand)
 r - an uncursed ring of fire
 u - a ring of stealth (right hand)
Wands
 l - a wand of scattershot (1)
 F - a wand of digging (4)
Scrolls
 g - 2 scrolls of enchant armour
 j - 3 scrolls of amnesia
 m - a scroll of blinking
 y - a scroll of remove curse
 E - a scroll of identify
Potions
 a - a potion of flight {unknown}
 e - 2 potions of curing
 i - a potion of haste {unknown}
 p - 2 potions of lignification {unknown}
 s - a potion of berserk rage {unknown}
 v - a potion of magic {unknown}
 w - a potion of brilliance
 z - a potion of invisibility {unknown}
 A - a potion of agility
 D - a potion of heal wounds {unknown}
Miscellaneous
 q - a fan of gales (inert)
Comestibles
 d - 16 rations


   Skills:
 * Level 5.5 Fighting
 + Level 5.3 Armour
 + Level 1.6 Dodging
 + Level 0.1 Stealth
 + Level 5.4 Shields
 * Level 10.3 Unarmed Combat
 * Level 5.4 Spellcasting
 * Level 2.7 Invocations


You had 16 spell levels left.
You knew the following spells:

 Your Spells              Type           Power        Failure   Level  Hunger
a - Regeneration          Chrm/Necr      #.........   100%        3    ###....

Your spell library contained the following spells:

 Spells                   Type           Power        Failure   Level  Hunger
 Animate Skeleton         Necr           N/A          100%        1    #......
 Pain                     Necr           #...         100%        1    #......
 Vampiric Draining        Necr           #.........   100%        3    ###....
 Animate Dead             Necr           N/A          100%        4    #####..


Dungeon Overview and Level Annotations

Branches:
Dungeon (9/15)             Temple (1/1) D:6            Lair (0/6) D:9
    Orc: D:9-12

Altars:
Ashenzari
Cheibriados
Elyvilon
Fedhas
Gozag
Hepliaklqana
Kikubaaqudgha
Makhleb
Nemelex Xobeh
Okawaru
Qazlal
Ru
Sif Muna
Trog
Uskayaw
Vehumet
Wu Jian
Xom
Yredelemnul
Zin
The Shining One

Shops:
D:7 ([:%

Annotations:
D:8 Erica


Innate Abilities, Weirdness & Mutations

You have razor-sharp teeth.
Your natural rate of healing is unusually fast.
When hurt, damage is shared between your health and your magic reserves.
Your bite disrupts and absorbs the magic of your enemies.
Potions cannot restore your health.
You are immune to rotting.


Message History

Your shield and chain mail prevent you from hitting the orc warrior.
You bite the orc warrior, but do no damage.
Your surroundings suddenly seem different.
The electric eel shoots out a bolt of lightning at you!
The bolt of electricity hits the electric eel.
The electric eel completely resists.
The bolt of electricity hits you!
* * * LOW HITPOINT WARNING * * *
Found a staircase to the Lair.
Unknown command.
Okay, then.
Okay, then.
Unknown command.
Unknown command.
You punch the electric eel!
You kill the electric eel!
Yredelemnul accepts your kill.
The electric eel shoots out a bolt of lightning at you!
The bolt of electricity hits you!
You die...
Your body rises from the dead as a mindless zombie.

#........≈.
##..##....≈...≈≈≈≈≈
#.###.#...≈≈≈.≈≈≈≈
#.# #....≈.≈≈≈≈≈≈≈
#># #....≈≈≈≈.≈.≈
#.#####..≈.≈≈≈≈...
#.#.......≈≈≈≈..>.
##.# #.≈≈≈.≈≈≈...
###..# #...@≈≈≈..≈.
#...## #...≈.≈≈≈;.≈
≈≈≈≈≈≈≈ #...#
#....≈≈≈≈≈≈≈ ≈≈≈≈≈
#...# #....≈..≈≈≈≈
.;≈... #...#
#...≈≈..≈..... ..≈
. #...#
#.............
..... #...##
##....#.#.##..#
#.#># #....#
#....#...#
#..##...# #....#
#..(..# #....o#


You could see an electric eel.

Vanquished Creatures
  A troll (D:9)
  A hippogriff (D:6)
  A wraith (D:7)
  An ice beast (D:5)
  2 orc warriors
  3 sky beasts
  3 phantoms
  8 ogres
  2 wolves (D:9)
  5 centaurs
  3 bullfrogs
  A wyvern zombie (D:6)
  A wyvern skeleton (D:6)
  2 scorpions
  3 wights (D:6)
  6 killer bees (D:7)
  4 howler monkeys
  An electric eel (D:9)
  A jelly (D:5)
  15 hounds
  2 gnoll shamans
  4 orc priests
  4 orc wizards
  3 bullfrog skeletons
  Terence (D:3)
  Natasha (thrice) (D:2)
  6 worker ants
  A hound zombie (D:5)
  A hound skeleton (D:5)
  2 worker ant zombies
  A howler monkey zombie (D:8)
  8 adders
  12 gnolls
  3 shadow imps
  5 oozes
  2 adder zombies (D:7)
  6 worms
  4 dart slugs
  12 leopard geckos
  28 orcs
  5 giant cockroaches
  6 goblins
  9 hobgoblins
  10 jackals
  9 kobolds
  4 quokkas
  3 ball pythons
  6 bats
  6 frilled lizards
  A leopard gecko skeleton (D:8)
  2 quokka skeletons
  12 rats
245 creatures vanquished.

Vanquished Creatures (collateral kills)
  A gnoll (D:8)
1 creature vanquished.

Vanquished Creatures (others)
  An orc wizard (D:9)
  A sky beast zombie (D:9)
  3 hound zombies
5 creatures vanquished.

Grand Total: 251 creatures vanquished

Notes
Turn   | Place    | Note
-------+----------+-------------------------------------------
     0 | D:1      | Morbidden the Vine Stalker Fighter began the quest for the
                  | Orb.
     0 | D:1      | Reached XP level 1. HP: 11/11 MP: 2/2
   109 | D:1      | Reached XP level 2. HP: 6/16 MP: 3/3
   686 | D:1      | Reached XP level 3. HP: 19/20 MP: 4/4
  1092 | D:2      | Found a white marble altar of Elyvilon.
  1095 | D:2      | Reached skill level 1 in Spellcasting
  1157 | D:2      | Gained mutation: Your natural rate of healing is unusually
                  | fast. [Vine Stalker growth]
  1157 | D:2      | Reached XP level 4. HP: 22/24 MP: 6/6
  1373 | D:2      | Found a burning altar of Makhleb.
  1396 | D:2      | Found a glowing golden altar of the Shining One.
  1471 | D:2      | Noticed Natasha
  1481 | D:2      | Killed Natasha
  1481 | D:2      | Reached skill level 3 in Unarmed Combat
  1642 | D:2      | Reached XP level 5. HP: 25/28 MP: 7/7
  1655 | D:2      | Found a stormy altar of Qazlal.
  1878 | D:2      | Noticed Natasha
  1887 | D:2      | Killed Natasha
  2005 | D:2      | Found a white marble altar of Elyvilon.
  2124 | D:2      | Found a glowing golden altar of the Shining One.
  2336 | D:2      | Found a burning altar of Makhleb.
  2367 | D:2      | Noticed Natasha
  2394 | D:2      | Killed Natasha
  2475 | D:2      | Found a stormy altar of Qazlal.
  2820 | D:3      | Noticed Terence
  2837 | D:3      | Killed Terence
  3026 | D:3      | Reached XP level 6. HP: 31/32 MP: 9/9
  3363 | D:4      | Reached skill level 4 in Unarmed Combat
  3857 | D:4      | Reached skill level 5 in Unarmed Combat
  3857 | D:4      | Reached XP level 7. HP: 16/36 MP: 9/11
  4497 | D:5      | Entered Level 5 of the Dungeon
  4583 | D:5      | Reached skill level 6 in Unarmed Combat
  4592 | D:5      | Reached skill level 1 in Dodging
  4663 | D:5      | Gained mutation: You have razor-sharp teeth. [Vine Stalker
                  | growth]
  4663 | D:5      | Reached XP level 8. HP: 42/42 MP: 12/12
  4670 | D:5      | Learned a level 3 spell: Regeneration
  4683 | D:5      | Found a blossoming altar of Fedhas.
  4850 | D:5      | Reached skill level 7 in Unarmed Combat
  5409 | D:5      | Reached skill level 8 in Unarmed Combat
  5409 | D:5      | Reached XP level 9. HP: 45/45 MP: 15/15
  6298 | D:6      | Found a hazy altar of Hepliaklqana.
  6349 | D:6      | Found a staircase to the Ecumenical Temple.
  6450 | Temple   | Entered the Ecumenical Temple
  6861 | D:6      | Found a snail-covered altar of Cheibriados.
  6861 | D:6      | Found a basalt altar of Yredelemnul.
  6866 | D:6      | Found a radiant altar of Vehumet.
  6870 | D:6      | Found a shattered altar of Ashenzari.
  6872 | D:6      | Found a sacrificial altar of Ru.
  6886 | D:6      | Became a worshipper of Yredelemnul the Dark
  7162 | D:7      | Found Vaxuusui's Food Boutique.
  7202 | D:6      | Reached skill level 9 in Unarmed Combat
  7281 | D:6      | Reached skill level 1 in Invocations
  7488 | D:7      | Found Sostayqu's Antique Weapon Shop.
  7602 | D:7      | Reached XP level 10. HP: 41/51 MP: 14/18
  7625 | D:7      | Reached skill level 5 in Shields
  7715 | D:7      | Found Qunamnen's Antique Armour Shop.
  7722 | D:7      | Bought an ominously black robe for 91 gold pieces
  7722 | D:7      | Identified the cursed +0 robe "Zistrawk" {rF- MR+ rCorr}
                  | (You bought it in a shop on level 7 of the Dungeon)
  7813 | D:7      | Reached skill level 5 in Fighting
  7813 | D:7      | Reached skill level 5 in Armour
  7863 | D:7      | Found Eposuhusid's Book Boutique.
  8164 | D:8      | Reached skill level 5 in Spellcasting
  8231 | D:8      | Found an ornate altar of the Wu Jian Council.
  8292 | D:8      | Noticed a two-headed ogre
  8295 | D:8      | Reached * piety under Yredelemnul
  8416 | D:8      | HP: 2/51 [orc warrior/+0 trident (3)]
  8467 | D:8      | Noticed Erica
  8931 | D:9      | Reached skill level 10 in Unarmed Combat
  8983 | D:9      | Reached ** piety under Yredelemnul
  9157 | D:9      | Found a staircase to the Lair.
  9159 | D:9      | Killed from afar by an electric eel

Levels and vault maps discovered:
D:1:      sevenhm_arrival_forest_fort_small_5, layout_basic, st_stairs_2
D:2:      layout_basic, lemuel_doored_altar, old_standard_altar,
          old_standard_altar, grunt_qazlal_clouds, uniq_natasha
D:3:      layout_loops_cross, first_ration, uniq_terence
D:4:      layout_gridville
D:5:      kennysheep_windowed_halls, layout_loops_ring, fedhas_altar_fruit_tree,
          minmay_fountain_box
D:6:      layout_loops_corners, nicolae_overflow_hidden_temple,
          chequers_temple_overflow_minitemple, minmay_temple_entry_metal_lava,
          minmay_bent
D:7:      layout_basic, serial_shops, nicolae_shop_waterfront, shop,
          nicolae_shop_overgrown_old_shop, shop
D:8:      layout_gridville, kennysheep_mini_moat, uniq_erica
D:9:      layout_rooms, lemuel_crystal_altar, erik_lair_island,
          gammafunk_ghost_stat_death
Temple:   dpeg_chambers_temple

Skill      XL: |  1  2  3  4  5  6  7  8  9 10 |
---------------+-------------------------------+-----
Fighting       | 3 4 5 |  5.5
Shields        | 3 4 5 |  5.4
Spellcasting   | 1 2 3 4 5 |  5.4
Unarmed Combat | 3 5 6 8 9 10 | 10.3
Armour         | 3 4 5 |  5.3
Dodging        | 1 |  1.6
Invocations    | 1 2 |  2.7
Stealth        | |  0.1

Action                   |  1- 3 |  4- 6 |  7- 9 | 10-12 || total
-------------------------+-------+-------+-------+-------++-------
Melee: Unarmed           |   155 |   246 |   350 |   181 ||   932
       Bite              |    47 |    81 |   133 |    59 ||   320
Throw: Tomahawk          |       |       |       |     1 ||     1
Invok: Animate Remains   |       |       |       |     4 ||     4
Evoke: Wand              |       |       |       |     1 ||     1
       Fan of gales      |       |       |       |     1 ||     1
  Use: Scroll            |       |     1 |    13 |     8 ||    22
       Potion            |       |     4 |     2 |       ||     6
  Eat: Chunk             |       |     6 |    27 |       ||    33
       Ration            |       |     1 |       |       ||     1
Armor: Scale mail        |    68 |    39 |       |       ||   107
       Chain mail        |       |    43 |   123 |    94 ||   260
Dodge: Dodged            |    47 |    45 |    64 |    43 ||   199
Block: Shield            |    62 |    95 |   171 |   117 ||   445

Table legend:
 A = Non-vault XP
 B = Vault XP
 C = Vault XP percentage of total XP
 D = Non-vault monster count
 E = Vault monster count
 F = Vault count percentage of total count
                 A         B        C        D         E       F
            +---------+---------+-------+---------+---------+-------
      Total |    5889 |    1483 |  20.1 |     215 |      32 |  13.0
            +---------+---------+-------+---------+---------+-------
        D:1 |      53 |       4 |   7.0 |      29 |       2 |   6.5
        D:2 |     149 |      35 |  19.0 |      30 |       1 |   3.2
        D:3 |      52 |      36 |  40.9 |      17 |       1 |   5.6
        D:4 |     597 |       0 |   0.0 |      29 |       0 |   0.0
        D:5 |    1193 |     430 |  26.5 |      33 |      16 |  32.7
        D:6 |    1170 |     221 |  15.9 |      25 |       4 |  13.8
        D:7 |    1234 |       0 |   0.0 |      23 |       0 |   0.0
        D:8 |     762 |       0 |   0.0 |      19 |       0 |   0.0
        D:9 |     679 |     757 |  52.7 |      10 |       8 |  44.4
            +---------+---------+-------+---------+---------+-------
